 Dungeon Crawl Stone Soup version 0.25-a0-435-g4b9beb1024 (webtiles) character file.

Game seed: 16404233714631041636, levelgen mode: deterministic

562 Elellon the Magician (level 7, -2/36 HPs)
             Began as a Deep Elf Conjurer on Jan 29, 2020.
             Slain by Duvessa
             ... wielding a cursed -1 short sword
              (10 damage)
             ... on level 5 of the Dungeon.
             The game lasted 00:05:09 (4653 turns).

Elellon the Magician (Deep Elf Conjurer)            Turns: 4653, Time: 00:05:09

Health: -2/36      AC:  2    Str:  7    XL:     7   Next: 10%
Magic:  15/20      EV: 13    Int: 20    God:
Gold:   177        SH:  0    Dex: 15    Spells: 18/21 levels left

rFire    . . .     SeeInvis .   f - +2 short sword (venom)
rCold    . . .     Gourm    .   (no shield)
rNeg     . . .     Faith    .   a - +0 robe
rPois    .         Spirit   .   (no helmet)
rElec    .         Reflect  .   (no cloak)
rCorr    .         Harm     .   (no gloves)
MR       .....                  (no boots)
Stlth    ++........             (no amulet)
HPRegen  0.12/turn              (no ring)
MPRegen  0.17/turn              (no ring)

@: no status effects
A: no striking features
a: no special abilities


You were on level 5 of the Dungeon.
You were not hungry.

You visited 1 branch of the dungeon, and saw 5 of its levels.

You collected 177 gold pieces.

Inventory:

Hand Weapons
 f - a +2 short sword of venom (weapon)
Armour
 a - a +0 robe (worn)
 t - a cursed +0 helmet
Jewellery
 b - an uncursed ring of fire {unknown}
Scrolls
 g - a scroll of enchant weapon {unknown}
 j - a scroll of amnesia {unknown}
 l - a scroll of noise {unknown}
 o - 2 scrolls of fear {unknown}
 p - 3 scrolls of random uselessness {unknown}
 r - 2 scrolls of remove curse {unknown}
 v - 2 scrolls of identify {unknown}
 x - a scroll of magic mapping {unknown}
Potions
 d - 2 potions of flight {unknown}
 e - a potion of might
 h - a potion of heal wounds {unknown}
 i - a potion of agility {unknown}
 k - a potion of magic {unknown}
 m - a potion of lignification {unknown}
 n - a potion of brilliance {unknown}
 q - a potion of haste {unknown}
 s - a potion of mutation {unknown}
 w - a potion of degeneration {unknown}
Comestibles
 c - 13 rations


   Skills:
 - Level 2.4 Dodging
 - Level 2.4 Stealth
 + Level 7.6 Spellcasting
 + Level 7.3 Conjurations


You had 18 spell levels left.
You knew the following spells:

 Your Spells              Type           Power        Failure   Level  Hunger
a - Magic Dart            Conj           ####         1%          1    None
b - Searing Ray           Conj           #####.       1%          2    None

Your spell library contained the following spells:

 Spells                   Type           Power        Failure   Level  Hunger
 Dazzling Flash           Conj/Hex       ###...       6%          3    None
 Fulminant Prism          Conj/Hex       ###.......   19%         4    ###....
 Iskenderun's Mystic Bla  Conj/Tloc      ###.....     19%         4    ###....


Dungeon Overview and Level Annotations

Branches:
Dungeon (5/15)
 Temple: D:4-7

Altars:
Okawaru

Annotations:
D:5 Dowan, Duvessa


Message History

Aim: a centaur, wielding a +0 shortbow and quivering 7 arrows (lightly wounded)
The searing ray hits Duvessa.
Duvessa is lightly wounded.
The searing ray hits the centaur.
The centaur is moderately wounded. (Press . to maintain the ray.)
The searing ray hits Duvessa.
Duvessa is moderately wounded.
The searing ray hits the centaur!
The centaur is almost dead.
Duvessa hits you but does no damage.
The searing ray hits Duvessa!
Duvessa is heavily wounded.
The searing ray hits the centaur!
You kill the centaur!
You have reached level 7!
Duvessa hits you with a cursed -1 short sword.
* * * LOW HITPOINT WARNING * * *
Duvessa hits you with a cursed -1 short sword!
You die...

# #.# . #.
#.##### .
..#.###.....
#............#
#............#
#............#
............#
#..###.####
#.)ee@....#
#..##.###.# ##
#.# #.# #.#
#<# ..# ###
..# #..# #.>#


You could see Duvessa and Dowan.

Vanquished Creatures
  Grinder (D:4)
  A centaur (D:5)
  A howler monkey (D:2)
  A hound (D:4)
  An iguana (D:4)
  Terence (D:3)
  A worker ant (D:4)
  Robin (D:3)
  3 adders
  2 oozes
  An adder skeleton (D:4)
  A worm (D:3)
  A dart slug (D:1)
  3 leopard geckos
  2 orcs (D:3)
  2 ball pythons
  6 bats
  6 giant cockroaches
  10 hobgoblins
  8 jackals (D:4)
  4 quokkas
  5 frilled lizards
  12 goblins
  11 kobolds
  4 rats
89 creatures vanquished.

Notes
Turn   | Place    | Note
-------+----------+-------------------------------------------
     0 | D:1      | Elellon the Deep Elf Conjurer began the quest for the Orb.
     0 | D:1      | Reached XP level 1. HP: 10/10 MP: 6/6
   294 | D:1      | Reached XP level 2. HP: 15/15 MP: 4/8
   342 | D:1      | Learned a level 2 spell: Searing Ray
  1064 | D:2      | Reached skill level 5 in Conjurations
  1064 | D:2      | Reached XP level 3. HP: 17/19 MP: 5/10
  1382 | D:2      | Reached XP level 4. HP: 23/24 MP: 2/12
  1876 | D:3      | Reached skill level 5 in Spellcasting
  2182 | D:3      | Found an iron altar of Okawaru.
  2204 | D:3      | Noticed Robin
  2762 | D:3      | Reached XP level 5. HP: 16/28 MP: 9/14
  2783 | D:3      | Killed Robin
  2954 | D:3      | Noticed Terence
  2959 | D:3      | Killed Terence
  3655 | D:4      | Noticed Grinder
  3671 | D:4      | Paralysed by Grinder for 4 turns
  3682 | D:4      | Killed Grinder
  3682 | D:4      | Reached XP level 6. HP: 28/32 MP: 3/18
  4641 | D:5      | Entered Level 5 of the Dungeon
  4646 | D:5      | Noticed Duvessa
  4649 | D:5      | Noticed Dowan
  4652 | D:5      | Reached XP level 7. HP: 13/36 MP: 15/20
  4653 | D:5      | Slain by Duvessa

Levels and vault maps discovered:
D:1:      sevenhm_arrival_forest_fort_small_4, layout_basic
D:2:      layout_loops_corners, st_stairs_7, skrybe_limestone_x
D:3:      layout_basic, okawaru_metal_pillars_1_2, uniq_terence, uniq_robin
D:4:      layout_basic, first_ration, serial_glass, glass_columns_a,
          glass_columns_a, glass_columns_c, glass_columns_b,
          lemuel_flame_loot_1, uniq_grinder
D:5:      layout_basic, nicolae_ashenzari_panopticon, serial_shops, shop,
          mrwooster_statue_mirror, grunt_ministairs_4, uniq_eustachio,
          uniq_duvessa

Skill      XL: |  1  2  3  4  5  6 |
---------------+-------------------+-----
Spellcasting   | 4 5 7 |  7.6
Conjurations   | 5 6 7 |  7.3
Dodging        | |  2.4
Stealth        | |  2.4

Action                   |  1- 3 |  4- 6 |  7- 9 || total
-------------------------+-------+-------+-------++-------
Melee: Short sword       |       |     8 |       ||     8
 Cast: Magic Dart        |    55 |   102 |       ||   157
       Searing Ray       |     1 |    13 |       ||    14
  Eat: Chunk             |     1 |    10 |       ||    11
Armor: Robe              |     2 |     2 |       ||     4
Dodge: Dodged            |     4 |    30 |       ||    34

Table legend:
 A = Non-vault XP
 B = Vault XP
 C = Vault XP percentage of total XP
 D = Non-vault monster count
 E = Vault monster count
 F = Vault count percentage of total count
                 A         B        C        D         E       F
            +---------+---------+-------+---------+---------+-------
      Total |     456 |     348 |  43.3 |      72 |      17 |  19.1
            +---------+---------+-------+---------+---------+-------
        D:1 |      28 |       0 |   0.0 |      13 |       0 |   0.0
        D:2 |     103 |       4 |   3.7 |      16 |       3 |  15.8
        D:3 |      58 |      72 |  55.4 |      22 |      13 |  37.1
        D:4 |     152 |     272 |  64.2 |      20 |       1 |   4.8
        D:5 |     115 |       0 |   0.0 |       1 |       0 |   0.0
            +---------+---------+-------+---------+---------+-------
